[Event "34rd NATO Championship 2024"]
[Site "Rhodes"]
[Date "2024.10.24"]
[Round "5.12"]
[White "Peraino, Andrew"]
[Black "Tustanowski, Mateusz"]
[Result "0-1"]
[ECO "C84"]
[WhiteElo "1965"]
[BlackElo "2081"]
[Annotator "RC"]
[PlyCount "94"]
[EventDate "2024.09.18"]
[EventType "swiss"]
[EventCountry "GRE"]
[SourceTitle "playchess.com"]
[Source "ChessBase"]
[SourceQuality "1"]
[TimeControl "5400+30"]

1. e4 e5 2. Nf3 Nc6 3. Bb5 a6 4. Ba4 Nf6 5. d4 exd4 6. O-O Be7 7. Re1 b5 8. Bb3 d6 9. a4 Bg4 10. axb5 axb5 11. Rxa8 Qxa8 12. Na3 Qa5 13. Bd2 Qb6 14. Qe2 Ne5 15. Nxb5 d3 16. Nxc7+ Qxc7 17. cxd3 O-O 18. d4 Nxf3+ 19. gxf3 Be6 20. d5 Bd7 21. Bc3 Re8 22. Kh1 Nh5 23. f4 Nxf4 24. Qd2 Ng6 25. f4 Bh4 26. Rc1 Qb6 27. Bc2 Qf2 28. Qxf2 Bxf2 29. Bd2 Rc8 30. Bd3 Rxc1+ 31. Bxc1 Bh3 32. e5 dxe5 33. f5 Nh4 34. Be4 Nxf5 35. b4 Nd6 36. Bd3 e4 37. Bc2 e3 38. Bd3 f5 39. Bb2 f4 40. Be2 Nf5 41. d6 Nh4 42. Bc4+ Kf8 43. Bd5 f3 44. Bxf3 Nxf3 45. Bxg7+ Kxg7 46. d7 e2 47. d8=N e1=R# 0-1

[Event "34rd NATO Championship 2024"]
[Site "Rhodes"]
[Date "2024.10.24"]
[Round "5.14"]
[White "Nilsson, Erik"]
[Black "Helbig, Mark"]
[Result "1/2-1/2"]
[ECO "A57"]
[WhiteElo "2028"]
[BlackElo "2280"]
[Annotator "RC"]
[PlyCount "61"]
[EventDate "2024.09.18"]
[EventType "swiss"]
[EventCountry "GRE"]
[SourceTitle "playchess.com"]
[Source "ChessBase"]
[SourceQuality "1"]
[TimeControl "5400+30"]

1. d4 Nf6 2. c4 c5 3. d5 b5 4. cxb5 a6 5. b6 Qxb6 6. Nc3 g6 7. e4 d6 8. Be2 Bg7 9. Nf3 O-O 10. Nd2 Nbd7 11. Nc4 Qd8 12. O-O Nb6 13. Bf4 Nxc4 14. Bxc4 Nd7 15. Qd2 Rb8 16. Rab1 Rb4 17. Bd3 Ne5 18. Bc2 a5 19. b3 Ba6 20. Rfd1 f5 21. exf5 Rd4 22. Qc1 Nd3 23. Bxd3 Rxd3 24. Rxd3 Bxd3 25. Rb2 Rxf5 26. Be3 Ba6 27. Rd2 Bb7 28. h3 Qa8 29. Qc2 Bxd5 30. Nxd5 Rxd5 31. Qe4 1/2-1/2

[Event "34rd NATO Championship 2024"]
[Site "Rhodes"]
[Date "2024.10.24"]
[Round "5.15"]
[White "Duren, Andrew"]
[Black "Jauk, Wilhelm"]
[Result "1/2-1/2"]
[ECO "A80"]
[WhiteElo "2015"]
[BlackElo "2143"]
[Annotator "RC"]
[PlyCount "34"]
[EventDate "2024.09.18"]
[EventType "swiss"]
[EventCountry "GRE"]
[SourceTitle "playchess.com"]
[Source "ChessBase"]
[SourceQuality "1"]
[TimeControl "5400+30"]

1. d4 f5 2. Bf4 Nf6 3. e3 g6 4. h4 h6 5. Bd3 d6 6. c4 Bg7 7. Nc3 O-O 8. Nf3 e6 9. Qd2 Nc6 10. e4 Ng4 11. exf5 exf5 12. Ne2 Qf6 13. O-O Bd7 14. b4 Nd8 15. Rae1 Nf7 16. Nc3 c6 17. c5 a5 1/2-1/2

[Event "34rd NATO Championship 2024"]
[Site "Rhodes"]
[Date "2024.10.24"]
[Round "5.16"]
[White "Casteleijn, Diederick"]
[Black "Michalski, Daniel"]
[Result "1/2-1/2"]
[ECO "C58"]
[WhiteElo "2128"]
[BlackElo "2011"]
[Annotator "RC"]
[PlyCount "78"]
[EventDate "2024.09.18"]
[EventType "swiss"]
[EventCountry "GRE"]
[SourceTitle "playchess.com"]
[Source "ChessBase"]
[SourceQuality "1"]
[TimeControl "5400+30"]

1. e4 e5 2. Nf3 Nc6 3. Bc4 Nf6 4. Ng5 d5 5. exd5 Na5 6. Bb5+ c6 7. dxc6 bxc6 8. Qf3 Bd7 9. Bd3 h6 10. Ne4 Nd5 11. Ng3 g6 12. O-O Bg7 13. Nc3 Nf4 14. b4 Nb7 15. b5 Qc7 16. Be4 Nd6 17. bxc6 Be6 18. a4 f5 19. Bd5 Nxd5 20. Nxd5 Qf7 21. Nc3 e4 22. Qe3 O-O 23. Qc5 Rfd8 24. Rb1 Rac8 25. Nb5 Nc4 26. c7 Rd7 27. Qxa7 Be5 28. Qb7 Rcxc7 29. Nxc7 Bxc7 30. d3 Kh7 31. dxc4 Bxg3 32. Qa8 Ra7 33. Qd8 Rd7 34. Qa5 Bc7 35. Qc3 Bxc4 36. Bb2 g5 37. Rfd1 Bxh2+ 38. Kh1 Rxd1+ 39. Rxd1 Be5 1/2-1/2

[Event "34rd NATO Championship 2024"]
[Site "Rhodes"]
[Date "2024.10.24"]
[Round "5.17"]
[White "Sauer, Marko"]
[Black "Verlaine, Alexandre"]
[Result "1-0"]
[ECO "B33"]
[WhiteElo "2086"]
[BlackElo "1962"]
[Annotator "RC"]
[PlyCount "57"]
[EventDate "2024.09.18"]
[EventType "swiss"]
[EventCountry "GRE"]
[SourceTitle "playchess.com"]
[Source "ChessBase"]
[SourceQuality "1"]
[TimeControl "5400+30"]

1. e4 c5 2. Nf3 Nc6 3. d4 cxd4 4. Nxd4 Nf6 5. Nc3 e5 6. Ndb5 d6 7. Bg5 a6 8. Na3 b5 9. Nd5 Be6 10. c4 bxc4 11. Bxc4 Be7 12. Nxe7 Kxe7 13. O-O h6 14. Be3 Rb8 15. Rc1 Bxc4 16. Nxc4 Na5 17. Nxd6 Nb7 18. Nf5+ Kf8 19. Qc2 g6 20. Rfd1 Qe8 21. Nd6 Qe7 22. Nxb7 Qxb7 23. Qc5+ Kg7 24. Qxe5 Rhe8 25. Bxh6+ Kxh6 26. Qxf6 Qxe4 27. h4 Re6 28. Qxf7 Rxb2 29. Qf8+ 1-0

[Event "34rd NATO Championship 2024"]
[Site "Rhodes"]
[Date "2024.10.24"]
[Round "5.18"]
[White "Cheung, Jan"]
[Black "Jacob, Tobias"]
[Result "0-1"]
[ECO "E04"]
[WhiteElo "2010"]
[BlackElo "2073"]
[Annotator "RC"]
[PlyCount "88"]
[EventDate "2024.09.18"]
[EventType "swiss"]
[EventCountry "GRE"]
[SourceTitle "playchess.com"]
[Source "ChessBase"]
[SourceQuality "1"]
[TimeControl "5400+30"]

1. d4 d5 2. c4 e6 3. Nf3 Nf6 4. g3 dxc4 5. Bg2 a6 6. O-O Nc6 7. e3 Rb8 8. Nfd2 e5 9. Bxc6+ bxc6 10. dxe5 Ng4 11. Nxc4 Qd5 12. b3 Be6 13. Qe2 Nxe5 14. Nxe5 Qxe5 15. Bb2 Qg5 16. Nd2 h5 17. Nf3 Qg4 18. Nd4 c5 19. f3 Qg6 20. Nxe6 Qxe6 21. Rac1 Bd6 22. Rc4 Rb4 23. Rfc1 h4 24. Rxb4 cxb4 25. g4 O-O 26. Rc4 a5 27. Re4 Qd5 28. Rd4 Qa8 29. Re4 a4 30. Qc4 axb3 31. Qd4 f6 32. Qc4+ Kh8 33. Qxb3 Qa5 34. Qc4 h3 35. f4 Qa4 36. Qb3 Qc6 37. Qc4 Qxc4 38. Rxc4 Ra8 39. g5 Rxa2 40. Bd4 fxg5 41. Be5 Bxe5 42. fxe5 b3 43. Rb4 b2 44. e6 Ra1+ 0-1

[Event "34rd NATO Championship 2024"]
[Site "Rhodes"]
[Date "2024.10.24"]
[Round "5.19"]
[White "Fichtner, Ewald"]
[Black "Tocco, Paolo"]
[Result "1-0"]
[ECO "D00"]
[WhiteElo "2063"]
[BlackElo "2010"]
[Annotator "RC"]
[PlyCount "65"]
[EventDate "2024.09.18"]
[EventType "swiss"]
[EventCountry "GRE"]
[SourceTitle "playchess.com"]
[Source "ChessBase"]
[SourceQuality "1"]
[TimeControl "5400+30"]

1. d4 Nf6 2. Bf4 d5 3. Nc3 Nc6 4. Nb5 e5 5. Bxe5 Ne4 6. c3 Nxe5 7. dxe5 Bc5 8. Nd4 O-O 9. e3 f6 10. e6 f5 11. Nge2 Bd6 12. Nf4 Bxf4 13. exf4 c5 14. Nf3 Bxe6 15. Be2 Qc7 16. g3 Rad8 17. O-O h6 18. h4 a6 19. a4 Qb6 20. Qc2 Rc8 21. a5 Qa7 22. Qa4 Rfe8 23. Rad1 b5 24. axb6 Qxb6 25. Qxa6 Qxb2 26. Rb1 Qxc3 27. Ne5 Ra8 28. Qb7 c4 29. Bh5 Rf8 30. Qc6 Nc5 31. Qxc5 Qa5 32. Rb5 Qd8 33. Nc6 1-0

[Event "34rd NATO Championship 2024"]
[Site "Rhodes"]
[Date "2024.10.24"]
[Round "5.20"]
[White "Parker, Glen D"]
[Black "Mihailov, Iulian"]
[Result "0-1"]
[ECO "B30"]
[WhiteElo "1979"]
[BlackElo "2048"]
[Annotator "RC"]
[PlyCount "100"]
[EventDate "2024.09.18"]
[EventType "swiss"]
[EventCountry "GRE"]
[SourceTitle "playchess.com"]
[Source "ChessBase"]
[SourceQuality "1"]
[TimeControl "5400+30"]

1. e4 c5 2. Nf3 Nc6 3. b4 cxb4 4. d4 d5 5. exd5 Qxd5 6. c4 bxc3 7. Nxc3 Qa5 8. Rb1 e6 9. Bd2 Nf6 10. Ne4 Qd5 11. Nxf6+ gxf6 12. Qc2 f5 13. Bc4 Qe4+ 14. Qxe4 fxe4 15. Ng5 Nxd4 16. Nxe4 Nc2+ 17. Ke2 Na3 18. Bc3 f6 19. Bb5+ Kf7 20. Bxf6 Rg8 21. Rb3 Nxb5 22. Rxb5 Rg4 23. f3 Rxe4+ 24. fxe4 Kxf6 25. Rf1+ Ke7 26. Rc5 Bd7 27. Rc7 b6 28. Rd1 Rd8 29. Rxa7 Ke8 30. Kf3 Bc5 31. Rc7 h6 32. Kf4 Bb4 33. e5 Bb5 34. Rxd8+ Kxd8 35. Rb7 Ba5 36. g3 Bc6 37. Rh7 Bd2+ 38. Kg4 b5 39. a3 Bc1 40. Ra7 Kc8 41. Kh5 Kb8 42. Re7 Bd5 43. g4 Bxa3 44. Re8+ Kc7 45. Kxh6 b4 46. g5 Bc1 47. Re7+ Kd8 48. Rf7 b3 49. Rf8+ Kc7 50. Rf7+ Kb6 0-1

[Event "34rd NATO Championship 2024"]
[Site "Rhodes"]
[Date "2024.10.24"]
[Round "5.21"]
[White "Dekker, Ard"]
[Black "Onley, David E"]
[Result "0-1"]
[ECO "A10"]
[WhiteElo "1963"]
[BlackElo "2040"]
[Annotator "RC"]
[PlyCount "88"]
[EventDate "2024.09.18"]
[EventType "swiss"]
[EventCountry "GRE"]
[SourceTitle "playchess.com"]
[Source "ChessBase"]
[SourceQuality "1"]
[TimeControl "5400+30"]

1. c4 f5 2. g3 Nf6 3. Bg2 e6 4. d3 Be7 5. Nc3 O-O 6. e4 fxe4 7. dxe4 e5 8. Nf3 Bb4 9. Bd2 d6 10. O-O a5 11. a3 Bc5 12. Qe2 Nc6 13. Qd3 h6 14. Be3 Nd7 15. Rab1 a4 16. Rbc1 Bxe3 17. Qxe3 Nc5 18. Rfe1 Be6 19. Nd2 Nd4 20. Ne2 Nxe2+ 21. Rxe2 Qd7 22. f4 exf4 23. gxf4 Rae8 24. Rf2 b5 25. Qd4 Bh3 26. Bxh3 Qxh3 27. Rc3 Qh5 28. Rg3 Ne6 29. Qc3 Qc5 30. f5 Nd4 31. Kf1 Re5 32. Rfg2 Rf7 33. cxb5 Qxb5+ 34. Rd3 Nb3 35. Nxb3 axb3 36. Kg1 Rxe4 37. f6 Rc4 38. Qxb3 Qc5+ 39. Kf1 Rxf6+ 40. Ke2 Kh7 41. Qd1 Rc2+ 42. Rd2 Qe5+ 43. Kd3 Qf5+ 44. Ke3 Re6+ 0-1

[Event "34rd NATO Championship 2024"]
[Site "Rhodes"]
[Date "2024.10.24"]
[Round "5.22"]
[White "Giedraitis, Mingaudas"]
[Black "Aagaard, Gert"]
[Result "1-0"]
[ECO "A46"]
[WhiteElo "1950"]
[BlackElo "2029"]
[Annotator "RC"]
[PlyCount "95"]
[EventDate "2024.09.18"]
[EventType "swiss"]
[EventCountry "GRE"]
[SourceTitle "playchess.com"]
[Source "ChessBase"]
[SourceQuality "1"]
[TimeControl "5400+30"]

1. d4 c5 2. c3 e6 3. Nf3 Nf6 4. Bg5 h6 5. Bh4 Nc6 6. e3 Qb6 7. Na3 d5 8. Qb3 Qa5 9. Qb5 Qxb5 10. Nxb5 Kd7 11. Ne5+ Nxe5 12. dxe5 g5 13. exf6 gxh4 14. Rd1 a6 15. Na3 Kc7 16. f3 b5 17. e4 dxe4 18. fxe4 Bb7 19. Bd3 Rg8 20. O-O h5 21. Rf4 Rg4 22. Rxg4 hxg4 23. g3 hxg3 24. hxg3 Bh6 25. Kf2 Bg5 26. Rh1 Bxf6 27. Rh7 Rf8 28. Nb1 c4 29. Bc2 Kd6 30. Nd2 Bg5 31. Nf1 Ke7 32. Ne3 Rd8 33. Ke2 Rd7 34. Rg7 Bh6 35. Rh7 Bxe3 36. Kxe3 Rd8 37. Rh4 Rg8 38. Bd1 Rd8 39. Be2 Bc8 40. Rxg4 Kf6 41. Rf4+ Ke7 42. Rg4 Rh8 43. Rh4 Rg8 44. Rg4 Rd8 45. Rh4 e5 46. Rh6 Rg8 47. Kf2 Be6 48. Rh5 1-0

[Event "34rd NATO Championship 2024"]
[Site "Rhodes"]
[Date "2024.10.24"]
[Round "5.23"]
[White "Mautone, Valerio"]
[Black "Ivbulis, Martins"]
[Result "0-1"]
[ECO "A04"]
[WhiteElo "2117"]
[BlackElo "1891"]
[Annotator "RC"]
[PlyCount "84"]
[EventDate "2024.09.18"]
[EventType "swiss"]
[EventCountry "GRE"]
[SourceTitle "playchess.com"]
[Source "ChessBase"]
[SourceQuality "1"]
[TimeControl "5400+30"]

1. e4 c5 2. Nf3 Nc6 3. d3 g6 4. g3 Bg7 5. Bg2 e6 6. O-O Nge7 7. Nbd2 O-O 8. Re1 d6 9. c3 b5 10. Nf1 b4 11. d4 bxc3 12. bxc3 Qa5 13. Bd2 Rb8 14. a3 Ba6 15. Qc1 Rfc8 16. Bh6 cxd4 17. Bxg7 Kxg7 18. Qf4 e5 19. Qh4 Bxf1 20. Rxf1 Qxc3 21. h3 Ng8 22. Nh2 Rb3 23. Rac1 Qd2 24. Nf3 Qe2 25. Qg4 Qa6 26. Qd7 Nce7 27. Rxc8 Nxc8 28. Ng5 Qb7 29. Qe8 Qe7 30. Qa4 Rb2 31. h4 Nb6 32. Qa6 Nf6 33. f4 h6 34. Nh3 Ng4 35. f5 Qc7 36. fxg6 Qc2 37. Rxf7+ Kxg6 38. Rg7+ Kxg7 39. Qb7+ Kg6 40. h5+ Kf6 41. Nf4 Rb1+ 42. Bf1 Qh2# 0-1

[Event "34rd NATO Championship 2024"]
[Site "Rhodes"]
[Date "2024.10.24"]
[Round "5.24"]
[White "Kruit, Erik"]
[Black "Mestek, Igor"]
[Result "1/2-1/2"]
[ECO "C35"]
[WhiteElo "1899"]
[BlackElo "2080"]
[Annotator "RC"]
[PlyCount "70"]
[EventDate "2024.09.18"]
[EventType "swiss"]
[EventCountry "GRE"]
[SourceTitle "playchess.com"]
[Source "ChessBase"]
[SourceQuality "1"]
[TimeControl "5400+30"]

1. e4 e5 2. f4 exf4 3. Nf3 Be7 4. Bc4 Nf6 5. Nc3 Nxe4 6. Bxf7+ Kxf7 7. Nxe4 d5 8. Nf2 Nc6 9. d4 Bd6 10. O-O Rf8 11. Nd3 Kg8 12. c3 Rf5 13. b4 Qf6 14. a4 g5 15. Qe1 Bd7 16. Ra2 Rf8 17. Re2 Ne7 18. b5 Bc8 19. Nde5 Qg7 20. c4 dxc4 21. Nxc4 Nd5 22. Re8 Bd7 23. Rxf8+ Bxf8 24. Nfe5 Nb6 25. Nxb6 axb6 26. Qe4 c6 27. bxc6 bxc6 28. Nxc6 Qf7 29. Ne5 Qe6 30. Qa8 Qe8 31. Qb7 Bxa4 32. Qxb6 Qc8 33. Qb2 Qc2 34. Qxc2 Bxc2 35. Bb2 Bd6 1/2-1/2

[Event "34rd NATO Championship 2024"]
[Site "Rhodes"]
[Date "2024.10.24"]
[Round "5.25"]
[White "Dino, Giuseppe"]
[Black "Schott, Guido"]
[Result "1-0"]
[ECO "A87"]
[WhiteElo "1884"]
[BlackElo "2059"]
[Annotator "RC"]
[PlyCount "73"]
[EventDate "2024.09.18"]
[EventType "swiss"]
[EventCountry "GRE"]
[SourceTitle "playchess.com"]
[Source "ChessBase"]
[SourceQuality "1"]
[TimeControl "5400+30"]

1. g3 f5 2. Nf3 Nf6 3. Bg2 g6 4. d4 Bg7 5. c4 O-O 6. O-O d6 7. Nc3 Qe8 8. Qb3 c6 9. Bf4 Nbd7 10. c5+ d5 11. Ne5 e6 12. Nf3 h6 13. h4 Ng4 14. Bd6 Rf7 15. Bh3 e5 16. e3 e4 17. Nd2 Ndf6 18. Ne2 Kh7 19. a4 Be6 20. Bf4 Nh5 21. Bxg4 fxg4 22. Kg2 Qd7 23. Qa2 Raf8 24. b4 Bf6 25. Bd6 Rg8 26. Rh1 Bd8 27. Raf1 Rf5 28. Rh2 Rg7 29. Nf4 Nxf4+ 30. Bxf4 Rgf7 31. b5 cxb5 32. axb5 Qxb5 33. Nxe4 dxe4 34. Qxe6 Qd3 35. h5 g5 36. Qg6+ Kh8 37. Be5+ 1-0

[Event "34rd NATO Championship 2024"]
[Site "Rhodes"]
[Date "2024.10.24"]
[Round "5.26"]
[White "Flaata, Alexander R."]
[Black "Farrell, John"]
[Result "1-0"]
[ECO "C27"]
[WhiteElo "2040"]
[BlackElo "1898"]
[Annotator "RC"]
[PlyCount "55"]
[EventDate "2024.09.18"]
[EventType "swiss"]
[EventCountry "GRE"]
[SourceTitle "playchess.com"]
[Source "ChessBase"]
[SourceQuality "1"]
[TimeControl "5400+30"]

1. e4 e5 2. Nc3 Nf6 3. Bc4 Bb4 4. Nge2 O-O 5. O-O c6 6. d4 d6 7. Bg5 h6 8. Bh4 Nbd7 9. a3 Ba5 10. b4 Bb6 11. d5 Qc7 12. Qd3 Re8 13. Rad1 Bd4 14. dxc6 bxc6 15. Nxd4 exd4 16. Qxd4 d5 17. exd5 cxd5 18. Nxd5 Qe5 19. Nxf6+ gxf6 20. Qg4+ Kf8 21. Bg3 Nb6 22. Qf3 Qg5 23. Rd4 f5 24. Bf4 Qg6 25. Bb5 Re4 26. Rd8+ Kg7 27. Qc3+ Qf6 28. Bxh6+ 1-0

[Event "34rd NATO Championship 2024"]
[Site "Rhodes"]
[Date "2024.10.24"]
[Round "5.27"]
[White "Hof - Van Run, Rieke"]
[Black "Heran-Boily, Samuel"]
[Result "1-0"]
[ECO "C00"]
[WhiteElo "2038"]
[BlackElo "1898"]
[Annotator "RC"]
[PlyCount "115"]
[EventDate "2024.09.18"]
[EventType "swiss"]
[EventCountry "GRE"]
[SourceTitle "playchess.com"]
[Source "ChessBase"]
[SourceQuality "1"]
[TimeControl "5400+30"]

1. e4 e6 2. Nf3 d5 3. Qe2 dxe4 4. Qxe4 Nf6 5. Qh4 c5 6. d4 Nc6 7. dxc5 Bxc5 8. a3 Nd4 9. Nxd4 Qxd4 10. Qxd4 Bxd4 11. Bb5+ Bd7 12. Bxd7+ Nxd7 13. Ke2 O-O-O 14. Nd2 f5 15. Nf3 Bf6 16. c3 e5 17. g3 h6 18. h4 b6 19. Be3 Nc5 20. Bxc5 bxc5 21. Rad1 Kc7 22. Nd2 Rd5 23. Nc4 Rxd1 24. Rxd1 Rb8 25. Rd2 a6 26. Rd5 Kc6 27. Rd6+ Kb7 28. Rb6+ Ka7 29. Rc6 f4 30. Rxc5 g5 31. Rc6 fxg3 32. fxg3 Rf8 33. h5 g4 34. Ne3 Bg5 35. Nxg4 Bc1 36. b4 Rf5 37. Nf6 Bxa3 38. g4 Rf4 39. g5 hxg5 40. h6 Rh4 41. h7 Bb2 42. Kd2 e4 43. Rc8 Rh2+ 44. Ke3 Rh3+ 45. Kxe4 Kb7 46. h8=Q Rxh8 47. Rxh8 Bxc3 48. Rh7+ Kc6 49. Nd5 Bd2 50. Kd4 a5 51. Rh6+ Kb5 52. Rb6+ Ka4 53. Kc4 g4 54. bxa5 Kxa5 55. Rg6 Be1 56. Nc7 Ka4 57. Ra6+ Ba5 58. Nd5 1-0

[Event "34rd NATO Championship 2024"]
[Site "Rhodes"]
[Date "2024.10.24"]
[Round "5.28"]
[White "Wells, Daniel J"]
[Black "Rosseel, Kimball"]
[Result "1-0"]
[ECO "B09"]
[WhiteElo "2036"]
[BlackElo "1896"]
[Annotator "RC"]
[PlyCount "59"]
[EventDate "2024.09.18"]
[EventType "swiss"]
[EventCountry "GRE"]
[SourceTitle "playchess.com"]
[Source "ChessBase"]
[SourceQuality "1"]
[TimeControl "5400+30"]

1. d4 d6 2. e4 Nf6 3. Nc3 g6 4. f4 Bg7 5. Nf3 O-O 6. Bd3 Bg4 7. h3 Bxf3 8. Qxf3 Nc6 9. Be3 e5 10. dxe5 dxe5 11. f5 Nd4 12. Qf2 c5 13. O-O a6 14. g4 h6 15. g5 hxg5 16. Bxg5 Qd6 17. a4 Nh7 18. h4 Rab8 19. f6 Bh8 20. Nd5 Bxf6 21. Bxf6 Rbe8 22. Rae1 Re6 23. Re3 Nxf6 24. Nxf6+ Kg7 25. h5 g5 26. Ng4 Qd7 27. h6+ Kg8 28. Qf6 Rxf6 29. Nxf6+ Kh8 30. Nxd7 1-0

[Event "34rd NATO Championship 2024"]
[Site "Rhodes"]
[Date "2024.10.24"]
[Round "5.29"]
[White "Risk, Gregory"]
[Black "Van Drie, Rik"]
[Result "1/2-1/2"]
[ECO "B36"]
[WhiteElo "1862"]
[BlackElo "2013"]
[Annotator "RC"]
[PlyCount "37"]
[EventDate "2024.09.18"]
[EventType "swiss"]
[EventCountry "GRE"]
[SourceTitle "playchess.com"]
[Source "ChessBase"]
[SourceQuality "1"]
[TimeControl "5400+30"]

1. Nf3 c5 2. c4 Nc6 3. Nc3 Nf6 4. d4 cxd4 5. Nxd4 g6 6. e4 d6 7. Be2 Nxd4 8. Qxd4 Bg7 9. Be3 O-O 10. Qd2 Ng4 11. Bxg4 Bxg4 12. Bh6 Bxh6 13. Qxh6 Rc8 14. b3 Qa5 15. Rc1 Bd7 16. O-O Bc6 17. Rfe1 Qe5 18. Re3 Qg7 19. Qxg7+ 1/2-1/2

[Event "34rd NATO Championship 2024"]
[Site "Rhodes"]
[Date "2024.10.24"]
[Round "5.30"]
[White "Pirs, Matjaz"]
[Black "Middaugh, Jon S"]
[Result "1-0"]
[ECO "A24"]
[WhiteElo "2203"]
[BlackElo "1877"]
[Annotator "RC"]
[PlyCount "103"]
[EventDate "2024.09.18"]
[EventType "swiss"]
[EventCountry "GRE"]
[SourceTitle "playchess.com"]
[Source "ChessBase"]
[SourceQuality "1"]
[TimeControl "5400+30"]

1. c4 Nf6 2. Nc3 g6 3. g3 Bg7 4. Bg2 c6 5. e4 e5 6. Nge2 O-O 7. O-O d6 8. h3 Be6 9. d3 Ne8 10. Be3 f5 11. Rc1 Nd7 12. b3 Qe7 13. d4 Ndf6 14. exf5 gxf5 15. dxe5 dxe5 16. Na4 Nd7 17. Qd2 Rf7 18. Rfd1 Qf8 19. f4 e4 20. Nd4 Qe7 21. Qf2 Bxd4 22. Rxd4 b6 23. Rcd1 Ndf6 24. Kh2 c5 25. R4d2 Qc7 26. Nc3 Rg7 27. Qe2 h5 28. Nb5 Qe7 29. Qf1 Rc8 30. Qe1 Rg6 31. Bf1 Kf7 32. Bf2 Kg7 33. Qe3 Kh7 34. Qc3 Qg7 35. Qe5 Kh6 36. Rd8 Rxd8 37. Rxd8 Qe7 38. Rd1 Qg7 39. Nd6 Nxd6 40. Rxd6 Nd7 41. Qxg7+ Kxg7 42. Be2 Kh6 43. Be3 Nf8 44. g4 hxg4 45. hxg4 Kh7 46. g5 Bd7 47. Rd1 Rg7 48. Bc1 Kg6 49. Kg3 Re7 50. Bb2 Re6 51. Be5 Nh7 52. Rxd7 1-0

[Event "34rd NATO Championship 2024"]
[Site "Rhodes"]
[Date "2024.10.24"]
[Round "5.32"]
[White "Papler, Peter"]
[Black "Lebrun, Roger"]
[Result "1/2-1/2"]
[ECO "A00"]
[WhiteElo "1780"]
[BlackElo "1984"]
[Annotator "RC"]
[PlyCount "76"]
[EventDate "2024.09.18"]
[EventType "swiss"]
[EventCountry "GRE"]
[SourceTitle "playchess.com"]
[Source "ChessBase"]
[SourceQuality "1"]
[TimeControl "5400+30"]

1. d3 g6 2. Nf3 Bg7 3. c3 Nf6 4. e4 d6 5. Be2 O-O 6. Qc2 e5 7. O-O Nc6 8. Nbd2 Nh5 9. Re1 Nf4 10. Bf1 h6 11. Nc4 g5 12. Be3 b5 13. Na3 a6 14. Rad1 Qf6 15. d4 g4 16. dxe5 dxe5 17. Nd2 h5 18. Nb3 Ne6 19. Qc1 Kh7 20. Nc2 Qg6 21. Nc5 Nxc5 22. Bxc5 Re8 23. Ne3 Bh6 24. Qc2 Bxe3 25. Bxe3 Be6 26. b3 h4 27. Bc1 f5 28. exf5 Bxf5 29. Qe2 Rg8 30. Qe3 Rad8 31. Rxd8 Rxd8 32. Bb2 Qh6 33. Qxh6+ Kxh6 34. c4 bxc4 35. Bxc4 Kg6 36. Bc3 Bd3 37. Be6 Bf5 38. Bc4 Bd3 1/2-1/2

[Event "34rd NATO Championship 2024"]
[Site "Rhodes"]
[Date "2024.10.24"]
[Round "5.34"]
[White "Kapsomenakis, Petros"]
[Black "Coulon, Dominic"]
[Result "1-0"]
[ECO "A46"]
[WhiteElo "1914"]
[BlackElo "1813"]
[Annotator "RC"]
[PlyCount "82"]
[EventDate "2024.09.18"]
[EventType "swiss"]
[EventCountry "GRE"]
[SourceTitle "playchess.com"]
[Source "ChessBase"]
[SourceQuality "1"]
[TimeControl "5400+30"]

1. d4 c5 2. c3 cxd4 3. cxd4 Nf6 4. Nf3 d6 5. h3 Qb6 6. Qc2 Nc6 7. e3 g6 8. Nbd2 d5 9. a3 Bg7 10. Bd3 O-O 11. O-O Ne8 12. Rb1 e5 13. dxe5 Nxe5 14. Nxe5 Bxe5 15. Nf3 Bg7 16. Bd2 Be6 17. Bc3 Rc8 18. Nd4 Nd6 19. Qe2 Ne4 20. Nxe6 Qxe6 21. Bb4 Rfd8 22. Rbc1 Nd6 23. Rfd1 Ne4 24. Bb1 Rc6 25. f3 Ng3 26. Qf2 Rxc1 27. Rxc1 Nf5 28. Bxf5 Qxf5 29. Qc2 Qe5 30. Kf2 Bf6 31. g3 d4 32. e4 d3 33. Qd2 Qd4+ 34. Kg2 Qxb2 35. Qxb2 Bxb2 36. Rd1 b6 37. Rd2 Be5 38. f4 Bc7 39. Kf3 a5 40. Bc3 b5 41. e5 Rd4 1-0

[Event "34rd NATO Championship 2024"]
[Site "Rhodes"]
[Date "2024.10.24"]
[Round "5.36"]
[White "Van de Walle, Rob"]
[Black "Woolf, Ben"]
[Result "1/2-1/2"]
[ECO "A80"]
[WhiteElo "1900"]
[BlackElo "1747"]
[Annotator "RC"]
[PlyCount "89"]
[EventDate "2024.09.18"]
[EventType "swiss"]
[EventCountry "GRE"]
[SourceTitle "playchess.com"]
[Source "ChessBase"]
[SourceQuality "1"]
[TimeControl "5400+30"]

1. d4 e6 2. Nf3 f5 3. h3 Nf6 4. g4 g6 5. gxf5 exf5 6. Bf4 d6 7. e3 Be6 8. Bd3 Nbd7 9. Nbd2 Bg7 10. c3 Qe7 11. Qe2 O-O 12. Kd1 Rae8 13. Kc2 c5 14. dxc5 Nxc5 15. Nc4 Nxd3 16. Qxd3 Bxc4 17. Qxc4+ d5 18. Qe2 Qe4+ 19. Kd2 Qa4 20. Qd3 Ne4+ 21. Ke2 Qc4 22. Qxc4 dxc4 23. h4 b5 24. Nd4 Bxd4 25. cxd4 c3 26. bxc3 Nxc3+ 27. Kd3 Nd5 28. Be5 Rc8 29. Rhc1 a6 30. a3 Kf7 31. Bd6 Rfe8 32. Rc5 Nb6 33. Rac1 Nc4 34. Rxc8 Rxc8 35. Bb4 Ke6 36. Rc2 Kd5 37. f3 Re8 38. Re2 Nd6 39. Bxd6 Kxd6 40. Rc2 Re7 41. e4 fxe4+ 42. fxe4 Rc7 43. Rf2 Ke7 44. Rg2 Rc4 45. Ra2 1/2-1/2

[Event "34rd NATO Championship 2024"]
[Site "Rhodes"]
[Date "2024.10.24"]
[Round "5.38"]
[White "Tikerpuu, Mati"]
[Black "Stuhr, Finn"]
[Result "1-0"]
[ECO "C22"]
[WhiteElo "1933"]
[BlackElo "1790"]
[Annotator "RC"]
[PlyCount "95"]
[EventDate "2024.09.18"]
[EventType "swiss"]
[EventCountry "GRE"]
[SourceTitle "playchess.com"]
[Source "ChessBase"]
[SourceQuality "1"]
[TimeControl "5400+30"]

1. e4 e5 2. d4 exd4 3. Qxd4 Nc6 4. Qe3 b6 5. Nc3 Bc5 6. Qg3 Nf6 7. Bd3 d6 8. Na4 Bd4 9. c3 Be5 10. f4 Nh5 11. Qf3 Nxf4 12. Bxf4 Bd7 13. b3 Qe7 14. Ne2 Qh4+ 15. Bg3 Qg5 16. O-O O-O-O 17. Ba6+ Kb8 18. Bxe5 Nxe5 19. Qf4 Qh5 20. Ng3 Qg6 21. Nb2 b5 22. a4 c6 23. axb5 cxb5 24. c4 Qe6 25. Qe3 Qe7 26. cxb5 Be6 27. b6 Rd7 28. bxa7+ Rxa7 29. Bc4 Nc6 30. Rxa7 Qxa7 31. Qxa7+ Nxa7 32. Bxe6 fxe6 33. Rf7 g6 34. Re7 e5 35. Nc4 Nb5 36. Kf2 Kc8 37. Ke3 h5 38. Rg7 Rh6 39. Ne2 h4 40. Kd3 h3 41. g3 Rh8 42. Rxg6 Kc7 43. Nc3 Nd4 44. Nd5+ Kb7 45. Nxd6+ Kb8 46. Rg7 Nf3 47. Rb7+ Ka8 48. Nb6# 1-0

[Event "34rd NATO Championship 2024"]
[Site "Rhodes"]
[Date "2024.10.24"]
[Round "5.39"]
[White "Anghel, Iulian-Mihai"]
[Black "Hater, David"]
[Result "1-0"]
[ECO "C28"]
[WhiteElo "2164"]
[BlackElo "1922"]
[Annotator "RC"]
[PlyCount "31"]
[EventDate "2024.09.18"]
[EventType "swiss"]
[EventCountry "GRE"]
[SourceTitle "playchess.com"]
[Source "ChessBase"]
[SourceQuality "1"]
[TimeControl "5400+30"]

1. e4 e5 2. Bc4 Nc6 3. Nc3 Nf6 4. d3 Na5 5. Bg5 Nxc4 6. dxc4 h6 7. Bh4 Be7 8. Qd3 d6 9. O-O-O g5 10. Bg3 Bg4 11. f3 Be6 12. c5 Nh5 13. Qb5+ Qd7 14. Bxe5 Qxb5 15. Nxb5 dxe5 16. Nxc7+ 1-0